 Dungeon Crawl Stone Soup version 0.30-a0-159-g068b764562 (webtiles) character file.

Game seed: 61106003003440311

223 ragingrage the Conjurer (level 5, -1/38 HPs)
             Began as a Demonspawn Reaver on Sept 27, 2022.
             Slain by Duvessa
             ... wielding a +2 short sword of holy wrath
              (17 damage)
             ... on level 4 of the Dungeon.
             The game lasted 00:05:01 (5107 turns).

ragingrage the Conjurer (Demonspawn Reaver)         Turns: 5107, Time: 00:05:01

Health: -1/38      AC:  7    Str: 12    XL:     5   Next: 66%
Magic:  6/8        EV: 11    Int: 17    God:
Gold:   8          SH:  0    Dex: 11    Spells: 2/8 levels left

rFire   + . .      SeeInvis .    k - +0 dagger (venom)
rCold   . . .      Faith    .    (no shield)
rNeg    . . .      Spirit   .    u - +2 leather armour {rC+}
rPois   .          Reflect  .    (no helmet)
rElec   .          Harm     .    (no cloak)
rCorr   .          Rampage  .    (no gloves)
Will    .....                    (no boots)
Stlth   +.........               (no amulet)
HPRegen 0.12/turn                t - ring of fire
MPRegen 0.11/turn                (no ring)

@: earthbound, studying Axes
A: yellow scales 1, demonic magic 1
a: no special abilities


You were on level 4 of the Dungeon.
You visited 1 branch of the dungeon, and saw 4 of its levels.
You also visited: Sewer.

You collected 128 gold pieces.
You spent 120 gold pieces at shops.

Inventory:

Hand Weapons
 k - a +0 dagger of venom (weapon)
 l - a +0 hand axe
Missiles
 n - 5 javelins
Armour
 u - a +2 leather armour of cold resistance (worn)
Jewellery
 t - a ring of fire (left hand)
Scrolls
 a - 2 scrolls of enchant armour {unknown}
 c - a scroll of poison {unknown}
 e - a scroll of vulnerability {unknown}
 f - a scroll of teleportation {unknown}
 h - 7 scrolls of identify {unknown}
 j - a scroll of acquirement {unknown}
 q - 2 scrolls of fear {unknown}
 r - a scroll of amnesia {unknown}
 s - a scroll of summoning {unknown}
Potions
 d - a potion of magic {unknown}
 g - a potion of heal wounds
 i - 2 potions of resistance {unknown}
 o - a potion of brilliance {unknown}
 p - 2 potions of degeneration {unknown}


   Skills:
 - Level 2.0 Fighting
 + Level 3.1(3.8) Axes
 - Level 3.2(3.9) Polearms
 - Level 1.7 Dodging
 - Level 2.0 Spellcasting
 + Level 4.5 Conjurations
 - Level 3.0 Necromancy


You had 2 spell levels left.
You knew the following spells:

 Your Spells              Type           Power      Damage    Failure   Level
a - Kiss of Death         Conj/Necr      56%        2d9       5%          1
b - Volcanic Tap          Conj/Fire/Erth 20%        3d9       21%         2
c - Hailstorm             Conj/Ice       9%         3d4       28%         3

Your spell library contained the following spells:

 Spells                   Type           Power      Damage    Failure   Level
 Dispel Undead            Necr           11%        3d9       56%         4
 Confusing Touch          Hex            1%         N/A       58%         3


Dungeon Overview and Level Annotations

Branches:
Dungeon (4/15)              Sewer (visited)
 Temple: D:4-7

Altars:

Shops:
D:2 [([

Annotations:
D:4 Duvessa


Innate Abilities, Weirdness & Mutations

You are partially covered in yellow scales. (AC +2)
Spells you cast may paralyse adjacent enemies.


Message History

You hit the kobold but do no damage.
The kobold is poisoned.
The kobold barely misses you.
You hit the kobold.
You kill the kobold!
No target in view!
You see here a +0 short sword.
No target in view!
An endoplasm comes into view.
The endoplasm quivers.
An endoplasm is nearby!
An endoplasm is nearby!
An endoplasm is nearby!
You hit the endoplasm but do no damage. The endoplasm freezes you.
You are frozen.
Duvessa, Sister of Dowan comes into view.
She is wielding a +2 short sword of holy wrath.
Duvessa shouts!
You hit the endoplasm.
The endoplasm is heavily wounded.
You hear an angry hiss.
The endoplasm freezes you.
You are frozen.
You hit the endoplasm.
The endoplasm is severely wounded.
The endoplasm freezes you.
You are frozen.
You are too injured to fight recklessly!
You hit the endoplasm.
You kill the endoplasm!
Duvessa closely misses you.
Casting: Volcanic Tap (safe; 21% risk of failure)
Confirm with . or Enter, or press ? or * to list all spells.
Aiming: Volcanic Tap (safe; 21% risk of failure)
Press: ? - help, Dir - move target, f - Duvessa
Aim: Duvessa, wielding a +2 short sword of holy wrath and wearing a +0 scale mail (79% to hit)
You feel a surge of power!
The spray of magma hits Duvessa!
You are fixed to the earth.
Malevolent energies surge around you.
Duvessa hits you with a +2 short sword of holy wrath!
You convulse!
You die...

♣...##.........
♣...#...÷..###
♣8.)'..###.#
♣♣...#..#...#
♣♣...#####.###
♣♣...#####..# . ♣
♣♣...##...÷.##
#...♣.♣...##...####
#.....@.##...##
##...e.##.<.##
##...##...##
#####..#.# ....#.#
#.## #.# #. #.. ..#
...


You could see Duvessa.

Vanquished Creatures
  Pargi (D:3)
  A hell rat (Sewer)
  4 adders
  A river rat (Sewer)
  An ufetubus (D:4)
  A worm (D:2)
  3 dart slugs
  9 endoplasms
  4 giant cockroaches
  5 hobgoblins
  6 jackals
  2 quokkas
  4 ball pythons
  2 bats
  3 frilled lizards
  5 goblins
  4 kobolds
  8 rats
64 creatures vanquished.

Vanquished Creatures (others)
  An adder (D:4)
  2 fungi (D:3)
  3 plants (D:3)
6 creatures vanquished.

Grand Total: 70 creatures vanquished

Notes
Turn   | Place    | Note
-------+----------+-------------------------------------------
     0 | D:1      | ragingrage the Demonspawn Reaver began the quest for the
                  | Orb.
     0 | D:1      | Reached XP level 1. HP: 16/16 MP: 3/3
   509 | D:1      | Gained mutation: You are partially covered in yellow
                  | scales. (AC +2) [demonic ancestry]
   509 | D:1      | Reached XP level 2. HP: 22/22 MP: 5/5
   804 | D:1      | Learned a level 2 spell: Volcanic Tap
  1009 | D:1      | Reached skill level 1 in Necromancy
  1654 | D:2      | Found Violuet's Antique Armour Shoppe.
  1747 | D:2      | Found Weage's Antique Weapon Shop.
  1751 | D:2      | Gained mutation: Spells you cast may paralyse adjacent
                  | enemies. [demonic ancestry]
  1751 | D:2      | Reached XP level 3. HP: 27/27 MP: 6/6
  2193 | D:2      | Found Tauzuagy's Antique Armour Boutique.
  2622 | D:2      | HP: 1/22 [poisoned by a goblin]
  3106 | D:3      | Noticed Pargi
  3215 | D:3      | Learned a level 3 spell: Hailstorm
  3358 | D:3      | Found a faded altar of an unknown god.
  3419 | D:3      | Found a glowing drain.
  3428 | D:3      | Reached skill level 1 in Axes
  3428 | D:3      | Reached XP level 4. HP: 21/30 MP: 7/7
  3439 | Sewer    | Entered a sewer
  3814 | D:3      | Killed Pargi
  3815 | D:3      | Reached skill level 4 in Conjurations
  3815 | D:3      | Reached XP level 5. HP: 10/37 MP: 5/8
  4641 | D:2      | Bought a dyed leather armour for 120 gold pieces
  5103 | D:4      | Noticed Duvessa
  5107 | D:4      | Slain by Duvessa

Illustrated notes

Levels and vault maps discovered:
D:1:      scummos_arrival_checkerplants, layout_basic, roderic_lattice_a
D:2:      layout_loops_ring, serial_shops, nicolae_shop_crystal,
          nicolae_shop_hallway_stairs, shop
D:3:      layout_basic, portal_sewer_entry_d, shapermc_ecumenical_altar_ellora,
          uniq_pargi
D:4:      layout_rooms, gammafunk_ghost_necromancy, kennysheep_diamond,
          uniq_crazy_yiuf_cottage, uniq_duvessa, uniq_ijyb, uniq_grinder,
          uniq_pikel

Skill      XL: |  1  2  3  4  5 |
---------------+----------------+-----
Polearms       | 3 |  3.2
Necromancy     | 1 2 3 |  3.0
Axes           | 1 2 3 |  3.1
Conjurations   | 4 |  4.5
Fighting       | |  2.0
Dodging        | |  1.7
Spellcasting   | |  2.0

Action                   |  1- 3 |  4- 6 || total
-------------------------+-------+-------++-------
Melee: Spear             |   199 |       ||   199
       Punch             |     3 |       ||     3
       Dagger            |    43 |    87 ||   130
Throw: Javelin           |       |     3 ||     3
 Cast: Kiss of Death     |     1 |     2 ||     3
       Volcanic Tap      |       |     5 ||     5
  Use: Potion            |       |     1 ||     1
Armor: Leather armour    |    58 |    39 ||    97
Dodge: Dodged            |   116 |    40 ||   156

Table legend: (Time is in decaauts)
 A = Elapsed time spent in this place.
 B = Non-inter-level travel time spent in this place.
 C = Inter-level travel time spent in this place.
 D = Time resting spent in this place.
 E = Time spent auto-exploring this place.
 F = Levels seen in this place.
 G = Mean time per level.
                   A        B        C        D        E       F      G
               +--------+--------+--------+--------+--------+-----+--------+
         Total |   5120 |   4916 |    204 |   1132 |   2972 |   5 | 1024.0 |
       Dungeon |   4795 |   4591 |    204 |    926 |   2904 |   4 | 1198.8 |
         Sewer |    324 |    324 |      0 |    206 |     68 |   1 |  324.0 |
               +--------+--------+--------+--------+--------+-----+--------+

Top non-repeatable levels by time:
     D:1: 1649 daAuts
     D:2: 1506 daAuts
     D:3: 1326 daAuts
   Sewer: 324 daAuts
     D:4: 312 daAuts
